Map: 2000 Atmospheres LE

Players

A.I. 1 (Very Easy) - Winner!

  • Race: Protoss Protoss

ButterBleach

  • Race: Terran Terran
  • League: Gold

VOD

Have the link to the VOD?

Description

Time

  • Played on: Jan. 17, 2022, 4:16 p.m.
  • Length: 4:41
Show
View Real Time Build Order
Export as new Build Order

A.I. 1 (Very Easy) Protoss - Winner!

Build Orders:  

Get SALT Encoding   

  12  0:00  Probe  
  13  0:13  Probe  
  14  0:19  Pylon  
  14  0:36  Assimilator  
  14  0:42  Gateway  
  14  0:45  Pylon  
  14  1:15  Assimilator  
  14  1:16  Probe  
  14  1:24  Probe  
  15  1:31  Cybernetics Core  
  15  1:32  Probe  
  17  1:42  Probe  
  18  1:48  Warp Gate  
  18  1:55  Probe  
  19  2:07  Probe  
  20  2:10  Stalker  
Show
View Real Time Build Order
Export as new Build Order

ButterBleach Terran 

Build Orders:  

Get SALT Encoding   

  12  0:00  SCV  
  13  0:12  SCV  
  14  0:18  Supply Depot  
  14  0:24  SCV  
  15  0:39  SCV  
  15  0:40  Barracks  
  16  0:45  Refinery  
  16  0:51  SCV  
  17  1:03  SCV  
  18  1:15  SCV  
  19  1:28  Marine  
  19  1:30  Orbital Command  
  20  1:45  Command Center  
  20  1:48  Barracks Reactor  
  20  1:55  SCV  
  20  2:00  Supply Depot  
  21  2:08  SCV  
  22  2:20  SCV  
  23  2:24  Marine  
  23  2:25  Marine  
  25  2:32  SCV  
  25  2:36  Barracks  
  26  2:37  Barracks  
  26  2:44  Marine x2  
  26  2:48  SCV  
  29  2:58  Orbital Command  
  29  3:03  Marine x2  
  29  3:04  SCV  
  32  3:16  SCV  
  33  3:20  Refinery  
  33  3:21  Marine x2  
  33  3:25  Barracks Tech Lab x2  
  35  3:27  SCV  
  35  3:30  Ghost Academy  
  35  3:32  Supply Depot  
  35  3:33  SCV  
  37  3:39  Marine x2  
  39  3:46  SCV x2, Marine  
  39  3:47  Marine  
  43  3:58  Marine  
  43  3:59  SCV x2  
  46  4:02  Supply Depot  
  46  4:05  Ghost  
  46  4:07  Ghost  
  50  4:12  Marine  
  50  4:14  SCV x2  
  50  4:16  Marine  
  54  4:20  Supply Depot  
  54  4:26  SCV x2  
Tags
 
Add a new tag
Caveats
  • Supply blocks, unpowered buildings, or Contaminate may cause inaccurate times.
  • Supply counts are checked every 10 seconds.